 Dungeon Crawl Stone Soup version 0.30-a0-719-gcc4359e (webtiles) character file.

Game seed: 14838731916126894430

47161 malesh the Jinx (level 14, -1/111 HPs)
             Began as a Barachi Hexslinger on Jan 26, 2023.
             Was the Champion of Okawaru.
             Slain by a hellwing (3 damage)
             ... summoned by Frances
             ... on level 12 of the Dungeon.
             The game lasted 01:32:06 (19697 turns).

malesh the Jinx (Barachi Hexslinger)               Turns: 19697, Time: 01:32:06

Health: -1/111     AC: 24    Str: 13    XL:     14   Next: 40%
Magic:  20/27      EV: 19    Int: 21    God:    Okawaru [******]
Gold:   938        SH:  5    Dex: 19    Spells: 11/31 levels left

rFire   + + +      SeeInvis +    a - +12 arbalest of Vodka {freeze, Fly rF+++ Dex-2 SInv}
rCold   x . .      Faith    .    (shield currently unavailable)
rNeg    . . .      Spirit   .    S - +0 steam dragon scales
rPois   .          Reflect  +    p - +2 helmet
rElec   .          Harm     .    Q - +1 cloak of Dim Light {rF+ SInv}
rCorr   .          Rampage  .    O - +2 pair of gloves {Stlth+}
Will    +....                    d - +2 pair of boots
Stlth   +++                      g - amulet of reflection
HPRegen 0.38/turn                R - ring of the Tortoise {AC+8}
MPRegen 0.20/turn                k - ring of Eternity {rF+ rC- Int+6 Dex+6}

@: flying, studying Staves, slow
A: amphibious, slowness 1, strong legs 2, +LOS
a: Hop, Renounce Religion, Heroism, Finesse, Duel


You were on level 12 of the Dungeon.
You worshipped Okawaru.
Okawaru was exalted by your worship.
You visited 3 branches of the dungeon, and saw 18 of its levels.
You also visited: Sewer and Volcano.

You collected 1008 gold pieces.
You spent 70 gold pieces at shops.

Inventory:

Hand Weapons
 a - the +12 arbalest of Vodka (weapon) {freeze, Fly rF+++ Dex-2 SInv}
   (Okawaru gifted it to you on level 5 of the Lair of Beasts)

   Dex:       It affects your dexterity (-2).
   rF:        It renders you almost immune to fire.
   SInv:      It lets you see invisible.
   Fly:       It grants you flight.
 b - a +4 longbow of flaming
Missiles
 P - 2 throwing nets
Armour
 d - a +2 pair of boots (worn)
 p - a +2 helmet (worn)
 O - a +2 pair of gloves of stealth (worn)
 Q - the +1 cloak of Dim Light (worn) {rF+ SInv}
   (You found it on level 1 of the Lair of Beasts)

   rF:        It protects you from fire.
   SInv:      It lets you see invisible.
 S - +0 steam dragon scales (worn)
Jewellery
 g - an amulet of reflection (around neck)
 k - the ring of Eternity (right hand) {rF+ rC- Int+6 Dex+6}
   (You acquired it on level 2 of the Dungeon)

   [ring of intelligence]

   Int:       It affects your intelligence (+6).
   Dex:       It affects your dexterity (+6).
   rF:        It protects you from fire.
   rC:        It makes you vulnerable to cold.
 n - a ring of resist corrosion
 R - the ring of the Tortoise (left hand) {AC+8}
   (You found it on level 1 of the Lair of Beasts)

   [ring of protection]

   AC:        It affects your AC (+8).
Wands
 y - a wand of mindburst (21)
 C - a wand of flame (16)
 K - a wand of iceblast (5)
Scrolls
 f - 4 scrolls of fear
 h - 6 scrolls of teleportation
 i - 2 scrolls of vulnerability
 m - 2 scrolls of immolation
 v - 5 scrolls of blinking
 w - 2 scrolls of magic mapping
 E - 4 scrolls of fog
 I - a scroll of silence
 L - a scroll of poison
Potions
 c - 2 potions of resistance
 l - 4 potions of flight
 o - 5 potions of heal wounds
 q - 4 potions of curing
 r - 3 potions of haste
 s - 9 potions of attraction
 x - 5 potions of invisibility
 z - a potion of lignification {unknown}
 A - 4 potions of brilliance {unknown}
 F - 3 potions of magic
 J - 2 potions of cancellation


   Skills:
 + Level 10.7 Fighting
 * Level 13.1 Ranged Weapons
 + Level 10.5 Dodging
 - Level 1.0 Stealth
 - Level 1.0 Shields
 * Level 9.3 Spellcasting
 - Level 1.0 Conjurations
 + Level 13.1 Hexes
 - Level 1.0 Translocations
 - Level 5.0 Fire Magic
 - Level 2.0 Air Magic
 - Level 3.0 Poison Magic
 + Level 5.2 Invocations


You had 11 spell levels left.
You knew the following spells:

 Your Spells              Type           Power      Damage    Failure   Level
a - Slow                  Hex            100%       N/A       1%          1
b - Inner Flame           Hex/Fire       47%        N/A       1%          3
c - Portal Projectile     Hex/Tloc       78%        N/A       1%          3
d - Mephitic Cloud        Conj/Pois/Air  18%        N/A       9%          3
e - Cause Fear            Hex            30%        N/A       1%          4
f - Swiftness             Air            18%        N/A       9%          3
g - Ignite Poison         Fire/Tmut/Pois 21%        N/A       7%          3

Your spell library contained the following spells:

 Spells                   Type           Power      Damage    Failure   Level
 Ensorcelled Hibernation  Hex/Ice        74%        N/A       1%          2
 Magic Dart               Conj           56%        1d5       4%          1
 Freeze                   Ice            36%        1d5       7%          1
 Passwall                 Tmut/Erth      7%         N/A       11%         2
 Hailstorm                Conj/Ice       11%        3d5       17%         3
 Frozen Ramparts          Ice            18%        1d3       21%         3
 Sticky Flame             Conj/Fire      22%        2d4       21%         4
 Orb of Destruction       Conj           7%         9d6       100%        7
 Ignition                 Fire           15%        3d6       100%        8
 Summon Guardian Golem    Hex/Summ       Unusable   N/A       N/A         3
 Summon Small Mammal      Summ           Unusable   N/A       N/A         1
 Call Imp                 Summ           Unusable   N/A       N/A         2
 Call Canine Familiar     Summ           Unusable   N/A       N/A         3
 Spellforged Servitor     Conj/Summ      Unusable   N/A       N/A         7

Dungeon Overview and Level Annotations

Branches:
Dungeon (12/15)            Temple (1/1) D:6            Lair (5/5) D:11
  Swamp (0/4) Lair:3       Spider (0/4) Lair:3        Slime (0/5) Lair:5
  Sewer (visited)         Volcano (visited)
    Orc: D:9-12

Altars:
Ashenzari
Cheibriados
Dithmenos
Elyvilon
Fedhas
Gozag
Hepliaklqana
Kikubaaqudgha
Makhleb
Nemelex Xobeh
Okawaru
Qazlal
Ru
Sif Muna
Trog
Uskayaw
Vehumet
Wu Jian
Xom
Yredelemnul
Zin
The Shining One
Jiyva

Shops:
D:2 *   D:4 [   D:10 (!*(

Portals:
Trove: D:12 (give +5 demon blade)

Annotations:
D:6 2 transporters, Radamante's ghost, novice MfSu
D:10 3 runed translucent doors
D:11 3 runed translucent doors, steven32's ghost, journeyman OpTm
D:12 Frances


Innate Abilities, Weirdness & Mutations

You are amphibious.
You cover ground slowly.
You can hop long distances.
You have an extended range of vision and can be seen from far away.


Message History

Frances misses you.
Your magical contamination has completely faded away.
You shoot a bolt. The bolt hits Frances!!
The bolt freezes Frances.
Frances is heavily wounded.
The hellwing swoops through the air toward you!
You block the hellwing's attack.
The hellwing hits you but does no damage.
The ynoxinul gestures.
Frances hits you with a +0 scimitar.
Fire: a) +12 arbalest of Vodka {freeze, Fly rF+++ Dex-2 SInv}
Press: ? - help, Shift-Dir - straight line, f/p - Frances
Aim: Frances, wielding a +0 scimitar and wearing a +0 leather armour (heavily wounded, 76% to hit)
You shoot a bolt. The bolt hits Frances!
The bolt freezes Frances.
Frances is severely wounded.
The hellwing barely misses you.
The hellwing hits you but does no damage.
The ynoxinul gestures.
You block Frances's attack.
Fire: a) +12 arbalest of Vodka {freeze, Fly rF+++ Dex-2 SInv}
Press: ? - help, Shift-Dir - straight line, f/p - Frances
Aim: Frances, wielding a +0 scimitar and wearing a +0 leather armour (severely wounded, 76% to hit)
You shoot a bolt. The bolt hits Frances.
The bolt freezes Frances.
Frances is severely wounded.
The hellwing barely misses you. The hellwing misses you.
The ynoxinul gestures.
Frances mutters in a terrible tongue.
The iron shot hits you!! The hellwing misses you. x2
Fire: a) +12 arbalest of Vodka {freeze, Fly rF+++ Dex-2 SInv}
Press: ? - help, Shift-Dir - straight line, f/p - Frances
Aim: Frances, wielding a +0 scimitar and wearing a +0 leather armour (severely wounded, 76% to hit)
You shoot a bolt. The bolt closely misses Frances.
The bolt completely misses the ufetubus.
The bolt hits the ufetubus!
The bolt freezes the ufetubus.
You kill the ufetubus!
The ufetubus disappears in a puff of smoke!
Frances chants phrases taken from a devil's mouth.
The iron shot hits you!!!
Ouch! That really hurt!
* * * LOW HITPOINT WARNING * * *
The hellwing hits you.
You die...

##.....†...........
#.####.######.....
#...##.# #.....
###.##.# ###.##
#...##.# #)##
#.####5####.# #...
#....553.55.# ####
#...####@###.5# # #
#@# #.)##### #
#4###.(#...#######
#........#........
#.###.##...#.####.
#.# #.######.# #.
#.# #.# #.# #. #.#
#.# #.# #.
#.####.###.# #.# #.
#..........# #.# #.


You could see Frances, a hellwing (summoned), a ynoxinul (summoned) and 3
ufetubi.

Vanquished Creatures
  Rupert (Lair:3)
  Nessos (Lair:4)
  A fire dragon (Volcano)
  3 catoblepae
  A merfolk avatar (Lair:5)
  2 two-headed ogres
  2 boulder beetles
  4 death yaks (Lair:5)
  5 sun demons (Volcano)
  A sea snake (Lair:5)
  Pikel (D:5)
  2 bog bodies (Lair:3)
  A deep elf pyromancer (D:12)
  A lindwurm (Lair:5)
  2 harpies (Lair:5)
  A cyclops (D:12)
  An ugly thing (D:12)
  A manticore (D:11)
  5 black mambas
  11 elephants
  4 rime drakes
  A gargoyle (D:12)
  9 cane toads
  6 komodo dragons
  2 trolls (D:11)
  3 polar bears
  2 hornets
  2 wind drakes (Lair:5)
  A snapping turtle (Lair:5)
  10 dream sheep
  4 blink frogs
  4 wyverns
  26 yaks
  2 vampires
  3 basilisks
  6 steam dragons
  10 vampire mosquitoes
  A redback (Lair:3)
  Menkaure (D:7)
  An acid dragon (D:11)
  A hell hound (Volcano)
  11 water moccasins
  3 ice beasts
  3 orc warriors
  2 sky beasts
  4 black bears
  2 ogres
  6 wolves
  10 centaurs
  4 lemures
  3 phantoms
  A kobold brigand (D:10)
  8 bullfrogs
  A scorpion (D:5)
  2 necrophages
  A gnoll sergeant (D:3)
  8 wights
  21 killer bees
  6 howler monkeys
  5 electric eels (D:11)
  5 hounds
  2 jellies
  2 orc priests
  Jessica (D:3)
  3 iguanas
  9 orc wizards
  Robin (D:2)
  2 gnolls (D:3)
  9 adders
  9 river rats (Sewer)
  A shadow imp (D:5)
  2 white imps (D:7)
  An ufetubus (D:4)
  2 worms
  2 dart slugs
  30 orcs
  A bat (D:1)
  7 endoplasms
  4 giant cockroaches
  13 goblins
  11 hobgoblins
  4 jackals (D:5)
  6 quokkas
  21 ball pythons
  2 frilled lizards
  6 kobolds
  22 rats
425 creatures vanquished.

Vanquished Creatures (others)
  23 fungi
  50 plants
73 creatures vanquished.

Grand Total: 498 creatures vanquished

Notes
Turn   | Place    | Note
-------+----------+-------------------------------------------
     0 | D:1      | malesh the Barachi Hexslinger began the quest for the Orb.
     0 | D:1      | Reached XP level 1. HP: 15/15 MP: 2/2
   135 | D:1      | Reached XP level 2. HP: 7/21 MP: 1/3
   471 | D:1      | You fall into a shaft and drop 1 floor!
   504 | D:2      | Found Kedyowo's General Store.
   602 | D:1      | Reached XP level 3. HP: 27/27 MP: 2/4
   606 | D:1      | Learned a level 3 spell: Inner Flame
   816 | D:2      | Noticed Robin
   824 | D:2      | Killed Robin
   904 | D:2      | Bought a potion of curing for 30 gold pieces
   904 | D:2      | Bought a scroll of identify for 20 gold pieces
   926 | D:2      | Identified a scroll of acquirement
   928 | D:2      | Acquired the ring of Eternity {rF+ rC- Int+6 Dex+6}
  1218 | D:3      | Reached XP level 4. HP: 33/33 MP: 3/6
  1856 | D:3      | Found a faded altar of an unknown god.
  1930 | D:3      | Noticed Jessica
  1936 | D:3      | Killed Jessica
  1937 | D:3      | Reached XP level 5. HP: 24/38 MP: 5/7
  1941 | D:3      | Learned a level 3 spell: Portal Projectile
  2041 | D:3      | Found the +5 woodcutter's axe
  2169 | D:4      | Reached skill level 1 in Fire Magic
  2169 | D:4      | Reached XP level 6. HP: 45/45 MP: 7/9
  2198 | D:4      | Noticed a black bear
  2203 | D:4      | Killed a black bear
  2220 | D:4      | Found Caocun's Armour Emporium.
  2279 | D:4      | Found a glowing drain.
  2315 | Sewer    | Entered a sewer
  2405 | Sewer    | Reached XP level 7. HP: 51/51 MP: 8/10
  2450 | Sewer    | Reached skill level 5 in Hexes
  2642 | Sewer    | Reached skill level 5 in Ranged Weapons
  2992 | D:2      | Bought a scroll of identify for 20 gold pieces
  3074 | D:4      | Found a hide-covered altar of Uskayaw.
  3074 | D:4      | Noticed a hornet
  3213 | D:4      | Killed a hornet
  3214 | D:4      | Reached XP level 8. HP: 53/60 MP: 5/12
  3343 | D:5      | Entered Level 5 of the Dungeon
  4212 | D:6      | Noticed a wyvern
  4237 | D:6      | Noticed Pikel
  4242 | D:5      | Killed a wyvern
  4243 | D:5      | Reached XP level 9. HP: 41/67 MP: 10/15
  4376 | D:6      | Noticed a two-headed ogre
  4431 | D:5      | Killed Pikel
  4432 | D:5      | Reached skill level 5 in Fighting
  4432 | D:5      | Reached skill level 5 in Dodging
  4665 | D:6      | Learned a level 3 spell: Mephitic Cloud
  4844 | D:6      | Found a staircase to the Ecumenical Temple.
  4859 | D:6      | Killed a two-headed ogre
  4860 | D:6      | Reached skill level 1 in Conjurations
  4860 | D:6      | Reached skill level 1 in Translocations
  4860 | D:6      | Reached skill level 1 in Air Magic
  4860 | D:6      | Reached skill level 1 in Poison Magic
  4883 | Temple   | Entered the Ecumenical Temple
  5193 | Temple   | Became a worshipper of Warmaster Okawaru
  5223 | D:6      | Noticed Radamante's ghost (novice MfSu)
  5297 | D:6      | Found a transporter.
  5356 | D:6      | Reached skill level 5 in Spellcasting
  5361 | D:6      | Learned a level 4 spell: Cause Fear
  5365 | D:6      | Learned a level 3 spell: Swiftness
  5429 | D:6      | Reached skill level 1 in Stealth
  5534 | D:6      | Found a transporter.
  5601 | D:6      | Reached skill level 1 in Shields
  5601 | D:6      | Reached XP level 10. HP: 76/76 MP: 17/17
  5986 | D:7      | Reached * piety under Okawaru
  6059 | D:7      | Noticed Menkaure
  6062 | D:7      | Killed Menkaure
  7113 | D:7      | Reached ** piety under Okawaru
  7634 | D:8      | Noticed a two-headed ogre
  7639 | D:8      | Killed a two-headed ogre
  7639 | D:8      | Reached *** piety under Okawaru
  7669 | D:8      | Reached XP level 11. HP: 84/84 MP: 20/20
  7820 | D:8      | Identified the +2 ring mail "Vaje" {-Tele rElec rN++ MP+9}
  7879 | D:8      | Learned a level 3 spell: Ignite Poison
  9342 | D:10     | Entered Level 10 of the Dungeon
  9604 | D:9      | Reached **** piety under Okawaru
  9823 | D:10     | Found Rezanyug's Weapon Shop.
  9833 | D:10     | Found Raatalla's Assorted Antiques.
  9998 | D:10     | Found Etikob's Weapon Emporium.
 10062 | D:10     | Found Amyah's Distillery.
 10245 | D:10     | Found a runed translucent gate.
 10253 | D:10     | Found a runed translucent gate.
 10255 | D:10     | Noticed a purple ugly thing
 10255 | D:10     | Noticed a red ugly thing
 10257 | D:10     | Noticed a red ugly thing
 10258 | D:10     | Found a runed translucent gate.
 10258 | D:10     | Noticed a red ugly thing
 10258 | D:10     | Noticed a purple ugly thing
 10259 | D:10     | Noticed a glowing orange brain
 10593 | D:11     | Noticed a manticore
 10598 | D:11     | Killed a manticore
 10637 | D:10     | Reached skill level 5 in Fire Magic
 11285 | D:11     | Reached ***** piety under Okawaru
 11362 | D:11     | Noticed a boulder beetle
 11395 | D:11     | Killed a boulder beetle
 11396 | D:11     | Reached skill level 10 in Ranged Weapons
 11832 | D:11     | Found a staircase to the Lair.
 12154 | D:11     | Found a runed translucent gate.
 12154 | D:11     | Found a runed translucent gate.
 12154 | D:11     | Noticed steven32's ghost (journeyman OpTm)
 12155 | D:11     | Found a runed translucent gate.
 12477 | D:12     | Found a portal to a secret trove of treasure.
 12523 | D:12     | Noticed a cyclops
 12538 | D:12     | Killed a cyclops
 12565 | D:12     | Noticed Frances
 12590 | Lair:1   | Entered Level 1 of the Lair of Beasts
 12605 | Lair:1   | Reached XP level 12. HP: 92/92 MP: 22/22
 12642 | Lair:1   | Noticed a boulder beetle
 12685 | Lair:1   | Killed a boulder beetle
 12686 | Lair:1   | Reached skill level 10 in Hexes
 12834 | Lair:1   | Reached skill level 1 in Invocations
 12937 | Lair:1   | Received a gift from Okawaru
 13052 | Lair:1   | Identified the +1 cloak of Dim Light {rF+ SInv}
 13287 | Lair:1   | Noticed a catoblepas
 13310 | Lair:1   | Killed a catoblepas
 13429 | Lair:1   | You fall into a shaft and drop 1 floor!
 13890 | Lair:1   | Found the ring of the Tortoise {AC+8}
 13993 | Lair:1   | Identified the +1 scale mail "Qeczek" {rPois rC+ rN+ Will-}
 15573 | Lair:3   | Gained mutation: You can hop long distances. [Barachi
                  | growth]
 15573 | Lair:3   | Reached XP level 13. HP: 101/101 MP: 19/24
 15601 | Lair:3   | Found a staircase to the Swamp.
 15648 | Lair:3   | Found a hole to the Spider Nest.
 15666 | Lair:3   | Identified the +12 crystal plate armour of Baldness {Str+5}
                  | (Okawaru gifted it to you on level 3 of the Lair of Beasts)
 15666 | Lair:3   | Received a gift from Okawaru
 15666 | Lair:3   | Reached ****** piety under Okawaru
 15808 | Lair:3   | Noticed Rupert
 15820 | Lair:3   | Paralysed by Rupert for 5 turns
 15841 | Lair:3   | Killed Rupert
 17054 | Lair:4   | Noticed Nessos
 17060 | Lair:4   | Killed Nessos
 17983 | Lair:5   | Entered Level 5 of the Lair of Beasts
 18049 | Lair:5   | Reached skill level 10 in Fighting
 18172 | Lair:5   | Identified the +12 arbalest of Vodka {freeze, Fly rF+++
                  | Dex-2 SInv} (Okawaru gifted it to you on level 5 of the
                  | Lair of Beasts)
 18172 | Lair:5   | Received a gift from Okawaru
 18177 | Lair:5   | Reached skill level 10 in Dodging
 18254 | Lair:5   | Found a dark tunnel.
 18261 | Volcano  | Entered a volcano
 18359 | Volcano  | Noticed a fire dragon
 18364 | Volcano  | Killed a fire dragon
 18365 | Volcano  | Reached XP level 14. HP: 98/110 MP: 26/26
 18421 | Volcano  | Received a gift from Okawaru
 18649 | Lair:5   | Identified the +2 robe of Daac {Contam rC++}
 18792 | Lair:5   | Reached skill level 5 in Invocations
 19248 | Lair:5   | Found a viscous altar of Jiyva.
 19248 | Lair:5   | Found a staircase to the Slime Pits.
 19697 | D:12     | HP: 2/111 [Frances/iron shot (56)]
 19697 | D:12     | Slain by a hellwing

Illustrated notes

Levels and vault maps discovered:
D:1:      giann_forest_graveyard, layout_loops_ring
D:2:      layout_rooms, serial_shops, shop, uniq_robin
D:3:      layout_basic, hellmonk_ecumenical_altar_inner_sanctum,
          minmay_statues_item, pf_guarded_unrand_woodcutter, uniq_jessica
D:4:      wad_river_or_something, layout_cave_pools, nicolae_uskayaw_dance_hall,
          portal_sewer_entry_a, serial_shops, shop
D:5:      layout_basic
D:6:      layout_loops_corners, minmay_temple_entry_gardened_gates,
          gammafunk_ghost_arena, minmay_manual_monstrance, uniq_pikel
D:7:      layout_loops_corners, uniq_menkaure
D:8:      layout_rooms
D:9:      layout_stronghold
D:10:     layout_loops_ring, ploomutoo_gammafunk_ghost_potion_laboratory,
          serial_shops, shop, shop, nicolae_shop_bloodbath_and_beyond,
          shop_statue
D:11:     layout_loops_ring, erik_lair_island, gammafunk_ghost_spectres
D:12:     layout_loops_ring, hiddenorc1_lemuel, nicolae_trove_entry_isolated,
          kennysheep_doodads, uniq_jorgrun, uniq_frances, uniq_psyche
Temple:   mainiacjoe_temple_circle_huts
Lair:1:   layout_chaotic_city
Lair:2:   layout_cave_pods
Lair:3:   layout_cave_pods, skrybe_swamp_entry_bodies, spider_nest_entry_webs,
          uniq_rupert
Lair:4:   layout_cave_pods, uniq_nessos
Lair:5:   gammafunk_lair_ancient_temple, layout_concentric_octagons,
          dpeg_slime_entry_enclosed, nicolae_volcano_entry_hallway

Skill      XL: |  1  2  3  4  5  6  7  8  9 10 11 12 13 14 |
---------------+-------------------------------------------+-----
Ranged Weapons | 3 4 5 6 7 9 10 11 12 13 | 13.1
Fighting       | 2 3 4 5 7 8 9 10 | 10.7
Hexes          | 4 5 7 9 11 12 13 | 13.1
Spellcasting   | 2 3 4 5 6 7 8 9 |  9.3
Fire Magic     | 1 2 3 5 |  5.0
Dodging        | 3 4 6 7 8 9 10 | 10.5
Conjurations   | 1 |  1.0
Translocations | 1 |  1.0
Air Magic      | 1 2 |  2.0
Poison Magic   | 1 3 |  3.0
Stealth        | 1 |  1.0
Shields        | 1 |  1.0
Invocations    | 3 4 5 |  5.2

Action                     |  1- 3 |  4- 6 |  7- 9 | 10-12 | 13-15 || total
---------------------------+-------+-------+-------+-------+-------++-------
   Fire: Sling             |   114 |   110 |   158 |       |       ||   382
         Shortbow          |       |       |   145 |   619 |   134 ||   898
         Longbow           |       |       |       |       |    56 ||    56
         Arbalest          |       |       |       |       |   133 ||   133
   Cast: Slow              |    21 |    15 |    16 |    38 |    16 ||   106
         Inner Flame       |       |     3 |    11 |    90 |    35 ||   139
         Portal Projectile |       |       |       |     7 |       ||     7
         Cause Fear        |       |       |       |       |     1 ||     1
         Ignite Poison     |       |       |       |       |     1 ||     1
         Mephitic Cloud    |       |       |       |       |     1 ||     1
 Invoke: Heroism           |       |       |       |       |     1 ||     1
Ability: Hop               |       |       |     3 |    13 |     2 ||    18
  Evoke: Wand              |       |       |     1 |       |       ||     1
    Use: Scroll            |     6 |     8 |     8 |    12 |     7 ||    41
         Potion            |       |       |       |     1 |     3 ||     4
 Armour: Robe              |     6 |    10 |    62 |    91 |    46 ||   215
         Steam dragon scal |       |       |       |       |    17 ||    17
  Dodge: Dodged            |    28 |    29 |   117 |   229 |    99 ||   502
  Block: Other             |    14 |    13 |    37 |    69 |    39 ||   172
         Reflection        |       |       |       |    10 |     2 ||    12

Table legend: (Time is in decaauts)
 A = Elapsed time spent in this place.
 B = Non-inter-level travel time spent in this place.
 C = Inter-level travel time spent in this place.
 D = Time resting spent in this place.
 E = Time spent auto-exploring this place.
 F = Levels seen in this place.
 G = Mean time per level.
                   A        B        C        D        E       F      G
               +--------+--------+--------+--------+--------+-----+--------+
         Total |  22199 |  20620 |   1579 |   4156 |  12542 |  20 | 1109.9 |
       Dungeon |  13539 |  12601 |    938 |   2795 |   7674 |  12 | 1128.2 |
        Temple |    384 |    344 |     40 |      0 |    304 |   1 |  384.0 |
          Lair |   7502 |   6902 |    600 |   1329 |   4285 |   5 | 1500.4 |
         Sewer |    419 |    419 |      0 |      0 |    224 |   1 |  419.0 |
       Volcano |    353 |    353 |      0 |     32 |     54 |   1 |  353.0 |
               +--------+--------+--------+--------+--------+-----+--------+

Top non-repeatable levels by time:
    D:11: 1931 daAuts
  Lair:2: 1636 daAuts
  Lair:3: 1588 daAuts
     D:7: 1535 daAuts
  Lair:1: 1490 daAuts
     D:9: 1425 daAuts
  Lair:4: 1419 daAuts
  Lair:5: 1367 daAuts
     D:5: 1365 daAuts
     D:6: 1273 daAuts
    D:10: 1262 daAuts
     D:3: 1235 daAuts
     D:8: 1057 daAuts
     D:1: 822 daAuts
     D:4: 791 daAuts
